[Event "Late-Titled-Tuesday-Blitz-June-04-2024"]
[Site "Chess.com"]
[Date "2024.06.04"]
[Round "6"]
[White "maurovargas01"]
[Black "LUISMIGUELOV"]
[Result "0-1"]
[WhiteElo "1915"]
[BlackElo "2216"]
[TimeControl "180+1"]
[EndTime "15:04:49 PDT"]
[Termination "LUISMIGUELOV won by checkmate"]

1. e4 e5 2. Nf3 Nc6 3. Bc4 Nf6 4. O-O Be7 5. d4 d6 6. c3 exd4 7. cxd4 O-O 8. Nc3 Bg4 9. Be3 Bh5 10. h3 a6 11. Rc1 b5 12. Bb3 Na5 13. Bc2 Nc4 14. Bf4 Nxb2 15. Qe2 Nc4 16. a4 h6 17. axb5 axb5 18. Nxb5 Na3 19. Nxa3 Rxa3 20. g4 Bg6 21. Nh4 Bh7 22. Nf5 Bxf5 23. gxf5 Rxh3 24. Kg2 Rc3 25. Bd2 Ra3 26. f3 c5 27. e5 dxe5 28. dxe5 Nd5 29. Qc4 Nb6 30. Qg4 Qxd2+ 31. Kg3 Qg5 32. Rg1 Qxg4+ 33. Kxg4 Nd5 34. Rg3 Ne3+ 35. Kf4 Rc3 36.
f6 g5+ 37. Ke4 Bxf6 38. exf6 Re8# 0-1

[Event "Late-Titled-Tuesday-Blitz-June-04-2024"]
[Site "Chess.com"]
[Date "2024.06.04"]
[Round "6"]
[White "bascheyaro"]
[Black "lachesisQ"]
[Result "0-1"]
[WhiteElo "2800"]
[BlackElo "3042"]
[TimeControl "180+1"]
[EndTime "15:04:51 PDT"]
[Termination "lachesisQ won by resignation"]

1. d4 Nf6 2. Nf3 g6 3. c4 Bg7 4. Nc3 d5 5. Bg5 dxc4 6. Bxf6 Bxf6 7. e3 Be6 8. Nd2 c5 9. dxc5 Bxc3 10. bxc3 Qa5 11. Bxc4 Bxc4 12. Nxc4 Qxc3+ 13. Nd2 O-O 14. Rc1 Qa5 15. Rc2 Na6 16. O-O Nxc5 17. Nc4 Qa6 18.
Qf3 Rac8 19. Ne5 Qe6 20. Nc4 Rfd8 21. Na5 b6 22. Nb3 Nxb3 23. Rxc8 Rxc8 24. axb3 a5 25. Qb7 Rc3 26. h4 Rxb3 27. h5 Kg7 28. Qc7 Rb5 29.
hxg6 hxg6 30. Rd1 Rc5 31. Qb8 Qc6 32. Qf4 Rc1 33. Qd4+ f6 34. Rxc1 Qxc1+ 35. Kh2 Qc5 36.
Qe4 Qe5+ 37. Qxe5 fxe5 0-1

[Event "Late-Titled-Tuesday-Blitz-June-04-2024"]
[Site "Chess.com"]
[Date "2024.06.04"]
[Round "6"]
[White "ericovski"]
[Black "janhelmer03"]
[Result "1-0"]
[WhiteElo "2574"]
[BlackElo "2394"]
[TimeControl "180+1"]
[EndTime "15:04:51 PDT"]
[Termination "ericovski won on time"]

1. Nf3 d5 2. e3 Nf6 3. c4 c6 4.
b3 Bg4 5. Bb2 e6 6. h3 Bh5 7. g4 Bg6 8. Ne5 Nbd7 9. Nxg6 hxg6 10. Bg2 Bd6 11. d3 a5 12. a3 b5 13. Nd2 bxc4 14.
dxc4 Rb8 15. Qc2 Nc5 16. Rb1 Be7 17. Bd4 O-O 18. Bxc5 Bxc5 19. cxd5 Bxa3 20. dxc6 Bb4 21. Rd1 Qc7 22. O-O Nd5 23. Bxd5 exd5 24. Nf3 Rfd8 25. Rc1 Rb6 26. Rfd1 Be7 27. Qc3 Bf6 28. Qxa5 Rc8 29.
Qxd5 Rxc6 30. Rxc6 Qxc6 31. Qxc6 Rxc6 32. Rb1 Rb6 33.
b4 Kf8 34. b5 Ke7 35. Nd2 Kd7 36. Nc4 Rb7 37. Kf1 Bd8 38. Ke2 Ke6 39. Kd3 Kd5 40.
b6 Kc5 41. Kc3 1-0

[Event "Late-Titled-Tuesday-Blitz-June-04-2024"]
[Site "Chess.com"]
[Date "2024.06.04"]
[Round "6"]
[White "Msb2"]
[Black "grzechu96"]
[Result "1-0"]
[WhiteElo "3037"]
[BlackElo "2798"]
[TimeControl "180+1"]
[EndTime "15:04:54 PDT"]
[Termination "Msb2 won on time"]

1. d4 d5 2. c4 c6 3. Nf3 Nf6 4. Nc3 e6 5. Qc2 dxc4 6. e4 b5 7. Be2 Bb7 8. O-O Qc8 9. Bg5 Nbd7 10. Rad1 h6 11. Bf4 Be7 12. b3 b4 13. e5 Nd5 14.
Nxd5 cxd5 15. bxc4 dxc4 16. Bxc4 Ba6 17. Nd2 Nb6 18.
Rc1 O-O 19. Qb3 Nxc4 20. Nxc4 Qd7 21. Rfd1 Rac8 22. Nd6 Bxd6 23. exd6 Qb5 24. h3 Bb7 25. Qg3 f6 26. Bxh6 Rf7 27. Rxc8+ Bxc8 28. Rc1 Bb7 29. Rc7 Rxc7 30. dxc7 Qd7 31. Bf4 Kf7 32. Bd6 a5 33. h4 Qc6 34. h5 Qc4 35. Qg6+ Kg8 36. Bf4 1-0

[Event "Late-Titled-Tuesday-Blitz-June-04-2024"]
[Site "Chess.com"]
[Date "2024.06.04"]
[Round "6"]
[White "SahaNeelash"]
[Black "konradrutkowski"]
[Result "1/2-1/2"]
[WhiteElo "2674"]
[BlackElo "2549"]
[TimeControl "180+1"]
[EndTime "15:04:57 PDT"]
[Termination "Game drawn by repetition"]

1. d4 Nf6 2. Bg5 d5 3. e3 c5 4.
Bxf6 gxf6 5. Nc3 e6 6. Qh5 Nc6 7. Nf3 cxd4 8. exd4 Bb4 9. Bd3 f5 10. O-O Qf6 11. Ne2 Qg6 12. Qh3 h5 13. Bb5 Qg4 14. Qxg4 hxg4 15. Ne5 Bd7 16. Nxd7 Kxd7 17. f4 a6 18.
Bxc6+ bxc6 19. c3 Bd6 20. b4 a5 21. a3 Ra7 22. Rfb1 axb4 23. axb4 Rha8 24. Rxa7+ Rxa7 25. g3 Ra2 26. Kf2 f6 27. Ke3 e5 28. Rh1 Ke6 29.
h3 exf4+ 30. gxf4 Rc2 31. Rg1 gxh3 32. Rh1 Rb2 33. Rxh3 Bxb4 34. Rh8 Ba5 35. Rc8 Kd7 36. Rf8 Rb3 37. Kd3 Ke7 38. Rc8 Kd7 39. Rf8 Ke7 40.
Rc8 Kd7 41. Rf8 1/2-1/2

[Event "Late-Titled-Tuesday-Blitz-June-04-2024"]
[Site "Chess.com"]
[Date "2024.06.04"]
[Round "6"]
[White "dolynachess"]
[Black "djano"]
[Result "0-1"]
[WhiteElo "2507"]
[BlackElo "2615"]
[TimeControl "180+1"]
[EndTime "15:04:57 PDT"]
[Termination "djano won on time"]

1. d4 Nf6 2. c4 g6 3. Nc3 Bg7 4. e4 d6 5. Nf3 O-O 6. Be2 c5 7. d5 e6 8. O-O exd5 9. cxd5 a6 10. a4 Bg4 11. Nd2 Bxe2 12. Qxe2 Nbd7 13. Nc4 Nb6 14. Bf4 Nxc4 15. Qxc4 Nh5 16. Bd2 Re8 17. Rfe1 Rb8 18. a5 Qh4 19. g3 Qh3 20. Qf1 Qg4 21. Qe2 Qh3 22. Qf1 Qd7 23. Qd3 b5 24. axb6 Rxb6 25.
Na4 Rb5 26. Ra2 Qb7 27. Bc3 Nf6 28. Re2 h5 29. h3 Kh7 30. Kg2 Re7 31. f3 Qc8 32. f4 Qb7 33. Kh2 Rb3 34. Ra1 Qb5 35. Qc2 Qc4 36. Bxf6 Qxc2 37. Rxc2 Bxf6 38. Re2 c4 39.
Nc3 Reb7 40. Rxa6 Rxb2 0-1

[Event "Late-Titled-Tuesday-Blitz-June-04-2024"]
[Site "Chess.com"]
[Date "2024.06.04"]
[Round "6"]
[White "manitodeplomo"]
[Black "alex1531"]
[Result "1-0"]
[WhiteElo "2623"]
[BlackElo "2440"]
[TimeControl "180+1"]
[EndTime "15:04:59 PDT"]
[Termination "manitodeplomo won on time"]

1. d4 Nf6 2. c4 e6 3. Nf3 c5 4. d5 b5 5. Bg5 h6 6. Bxf6 Qxf6 7. Nc3 bxc4 8. e4 d6 9. Bxc4 e5 10. O-O Be7 11. a3 O-O 12. b4 cxb4 13. axb4 Bg4 14. Be2 Nd7 15. Nd2 Bxe2 16. Qxe2 Rfc8 17. Nc4 Bd8 18. Nb5 Rcb8 19. Nxa7 Rxb4 20. Nc6 Rba4 21.
Rxa4 Rxa4 22. Qc2 Ra8 23. g3 Nb6 24. Rb1 Nxc4 25. Qxc4 h5 26. h4 Qf3 27. Qc2 g5 28.
Nxd8 Rxd8 29. Qc7 Rf8 30. Qe7 Qxe4 31. Qxg5+ Qg6 32. Qc1 1-0

[Event "Late-Titled-Tuesday-Blitz-June-04-2024"]
[Site "Chess.com"]
[Date "2024.06.04"]
[Round "6"]
[White "MaestroCheck"]
[Black "Aygehovit1992"]
[Result "0-1"]
[WhiteElo "2625"]
[BlackElo "2806"]
[TimeControl "180+1"]
[EndTime "15:05:01 PDT"]
[Termination "Aygehovit1992 won by resignation"]

1. e4 c5 2. Nc3 Nc6 3. Bb5 Nd4 4.
Nf3 a6 5. Bd3 e6 6. O-O Nc6 7.
a3 Qc7 8. b4 cxb4 9. axb4 Bxb4 10. Bb2 Nf6 11. Nb5 Qb8 12. e5 Nd5 13. Nd6+ Bxd6 14.
exd6 Qxd6 15. Bxg7 Rg8 16. Bh6 Nf4 17. Bxf4 Qxf4 18.
Re1 b6 19. Be4 Bb7 20. d4 Na5 21. d5 Rd8 22. Qd4 f5 23. Bd3 Qxf3 24. Bf1 Bxd5 25.
Qxd5 Qxd5 0-1

[Event "Late-Titled-Tuesday-Blitz-June-04-2024"]
[Site "Chess.com"]
[Date "2024.06.04"]
[Round "6"]
[White "mfschulz"]
[Black "Jahonas"]
[Result "0-1"]
[WhiteElo "2250"]
[BlackElo "2448"]
[TimeControl "180+1"]
[EndTime "15:05:01 PDT"]
[Termination "Jahonas won by resignation"]

1. d4 Nf6 2. Bg5 d5 3. Bxf6 exf6 4. e3 f5 5. c4 Bb4+ 6. Nc3 O-O 7. Qb3 Bxc3+ 8. bxc3 dxc4 9. Bxc4 Nc6 10. Bd3 f4 11. e4 b6 12. Qc2 Kh8 13. Nf3 Bg4 14. O-O Bxf3 15. gxf3 Qh4 16. Kh1 Rae8 17. Rg1 Qh3 18. Qe2 Re6 19. e5 Rh6 20. Rg2 Ne7 21. Qe4 Ng6 22.
Rag1 Nh4 23. Qxf4 Nxg2 24. Rxg2 Qe6 25. Qg3 g6 26. f4 Rh3 27. f5 Rxg3 28. Rxg3 gxf5 29. Rf3 f6 30. Rxf5 Qe7 31. Rh5 fxe5 32. Rxh7+ Qxh7 33. Bxh7 Kxh7 34. dxe5 Rxf2 0-1

[Event "Late-Titled-Tuesday-Blitz-June-04-2024"]
[Site "Chess.com"]
[Date "2024.06.04"]
[Round "6"]
[White "A4RookA3"]
[Black "FMOlexandrProhorov"]
[Result "0-1"]
[WhiteElo "2501"]
[BlackElo "2380"]
[TimeControl "180+1"]
[EndTime "15:05:02 PDT"]
[Termination "FMOlexandrProhorov won by resignation"]

1. Nc3 g6 2. d4 Bg7 3. e4 c6 4.
Bc4 d5 5. exd5 b5 6. Be2 b4 7. Na4 cxd5 8. a3 bxa3 9. Rxa3 Nf6 10. Nf3 O-O 11. O-O Nc6 12. c3 Bg4 13. h3 Bxf3 14. Bxf3 e5 15. dxe5 Nxe5 16. Bf4 Nxf3+ 17. Qxf3 Ne4 18.
Rd1 Rc8 19. Rd3 Re8 20. Qd1 Qh4 21. Be3 d4 22. cxd4 f5 23. Qf3 Rc2 24. d5 Nxf2 25. Bxf2 Rxf2 26. Qg3 Qxg3 27. Rxg3 Bd4 28. Rgd3 Re1+ 29.
Kh2 Be5+ 30. Rg3 Rff1 0-1

[Event "Late-Titled-Tuesday-Blitz-June-04-2024"]
[Site "Chess.com"]
[Date "2024.06.04"]
[Round "6"]
[White "PawnEatingZombie"]
[Black "jup1978"]
[Result "0-1"]
[WhiteElo "2262"]
[BlackElo "2410"]
[TimeControl "180+1"]
[EndTime "15:05:03 PDT"]
[Termination "jup1978 won by resignation"]

1. e4 c5 2. Nc3 Nc6 3. f4 g6 4.
Nf3 Bg7 5. a4 b6 6. Bc4 e6 7. f5 Nge7 8. fxe6 fxe6 9. O-O O-O 10.
d3 Bb7 11. Bg5 Qc7 12. Qd2 a6 13. Bh6 Nd4 14. Bxg7 Kxg7 15. Nxd4 cxd4 16. Ne2 Qe5 17.
b4 d5 18. exd5 Bxd5 19. Bxd5 Nxd5 20. Ng3 Ne3 21. Rxf8 Rxf8 22. Ne4 Ng4 23. g3 Ne3 24. c4 h5 25. c5 bxc5 26. bxc5 h4 27. Rb1 hxg3 28.
hxg3 Rf3 29. Qh2 Rf7 30. Qh4 Qd5 31. Qg4 Qa2 0-1

[Event "Late-Titled-Tuesday-Blitz-June-04-2024"]
[Site "Chess.com"]
[Date "2024.06.04"]
[Round "6"]
[White "ChessQueen"]
[Black "VladimirBugayev"]
[Result "1-0"]
[WhiteElo "2732"]
[BlackElo "2335"]
[TimeControl "180+1"]
[EndTime "15:05:05 PDT"]
[Termination "ChessQueen won on time"]

1. e4 c6 2. Nc3 d5 3. Nf3 dxe4 4.
Nxe4 Nf6 5. Qe2 Nxe4 6. Qxe4 Be6 7. c4 g6 8. Nd4 Bd7 9. h4 h5 10. Qe5 Rg8 11. Qf4 Bg7 12. Nf3 Bg4 13. Be2 c5 14. Ng5 Bf5 15. Qe3 Bd4 16. Qb3 Qc7 17. d3 Nc6 18. Bd2 e5 19. Bf3 O-O-O 20. Bd5 Rgf8 21. O-O b6 22. Qa4 Kb7 23. b4 Rxd5 24. cxd5 Ne7 25. Rac1 Nxd5 26. bxc5 Bxc5 27. Ne4 Bxe4 28. Qxe4 Qc6 29.
Qxe5 Re8 30. Qg3 Re2 31. d4 Rxd2 32. dxc5 1-0

[Event "Late-Titled-Tuesday-Blitz-June-04-2024"]
[Site "Chess.com"]
[Date "2024.06.04"]
[Round "6"]
[White "dretch"]
[Black "Faqade"]
[Result "1-0"]
[WhiteElo "2870"]
[BlackElo "2601"]
[TimeControl "180+1"]
[EndTime "15:05:06 PDT"]
[Termination "dretch won by resignation"]

1. d4 d5 2. c4 c6 3. Nc3 Nf6 4. e3 e6 5. Bd3 Nbd7 6. cxd5 exd5 7. Nge2 Bd6 8. f3 O-O 9. O-O c5 10. Nf4 Nb6 11. Nb5 Be7 12. dxc5 Bxc5 13. b3 Bd7 14. Nd4 Re8 15. Qd2 Rc8 16. Bb2 Qe7 17. Kf2 g5 18. Nh3 h6 19. a3 a5 20. Rfe1 a4 21. b4 Bd6 22. Kg1 Nc4 23. Bxc4 Rxc4 24. Nf2 Qe5 25.
g3 Qe7 26. e4 dxe4 27. Nxe4 Nxe4 28. Rxe4 Qf8 29. Nf5 Rcxe4 30. Nxd6 Re2 31. Qd4 R8e5 32. Ne4 f6 33. Qc4+ 1-0

[Event "Late-Titled-Tuesday-Blitz-June-04-2024"]
[Site "Chess.com"]
[Date "2024.06.04"]
[Round "6"]
[White "Itay121"]
[Black "Synctel"]
[Result "1-0"]
[WhiteElo "2538"]
[BlackElo "2096"]
[TimeControl "180+1"]
[EndTime "15:05:06 PDT"]
[Termination "Itay121 won on time"]

1. Nf3 Nf6 2. b3 d5 3. Bb2 Bf5 4. e3 e6 5. c4 c6 6. d4 Nbd7 7.
Bd3 Bxd3 8. Qxd3 Ne4 9. Nbd2 f5 10. Ne5 Bb4 11. Nf3 Qf6 12. O-O Bd6 13. a4 O-O 14.
a5 a6 15. Ba3 Bxa3 16. Rxa3 g5 17. b4 g4 18. Ne1 Qh4 19. f3 g3 20. hxg3 Nxg3 21.
cxd5 exd5 22. f4 Nxf1 23. Kxf1 Rae8 24. Nef3 Qg4 25. Ne5 Nxe5 26. dxe5 Re6 27. Nf3 Rh6 28. Kf2 Rg6 29. Qf1 Qg3+ 30. Kg1 Rh6 31. Qe1 Qg4 32. Kf2 Kf7 33. Ng5+ Ke7 34. b5 cxb5 35. Qb4+ 1-0

[Event "Late-Titled-Tuesday-Blitz-June-04-2024"]
[Site "Chess.com"]
[Date "2024.06.04"]
[Round "6"]
[White "MarceloPlaya"]
[Black "Maus7"]
[Result "0-1"]
[WhiteElo "2358"]
[BlackElo "2564"]
[TimeControl "180+1"]
[EndTime "15:05:07 PDT"]
[Termination "Maus7 won on time"]

1. e4 c5 2. Nf3 d6 3. d4 cxd4 4. Nxd4 Nf6 5. Nc3 a6 6. Bg5 Nbd7 7. f4 Qc7 8. Qf3 b5 9. O-O-O Bb7 10. Bd3 g6 11. Qe2 Bg7 12. Kb1 O-O 13. h4 b4 14. Na4 e5 15. Nf3 Bc6 16. fxe5 dxe5 17. Bxf6 Bxf6 18. b3 Bxa4 19. bxa4 Nc5 20. Ka1 Nxa4 21.
Qd2 Nc3 22. Rb1 Nxb1 23. Rxb1 a5 24. h5 Rac8 25. hxg6 hxg6 26. Rh1 Qc3+ 27. Kb1 Qxd2 28. Nxd2 Kg7 29. Nc4 Rc5 30. Nb6 Bg5 31. Nd5 Bd2 0-1

[Event "Late-Titled-Tuesday-Blitz-June-04-2024"]
[Site "Chess.com"]
[Date "2024.06.04"]
[Round "6"]
[White "KVAIDAN"]
[Black "LeninGuerra"]
[Result "0-1"]
[WhiteElo "2355"]
[BlackElo "2548"]
[TimeControl "180+1"]
[EndTime "15:05:07 PDT"]
[Termination "LeninGuerra won by checkmate"]

1. f4 c5 2. Nf3 d5 3. e3 Nc6 4.
Bb5 e6 5. b3 Nf6 6. Bb2 Be7 7. O-O a6 8. Bxc6+ bxc6 9. Ne5 Qc7 10. Rf3 Bb7 11. Rg3 Rg8 12. d3 Rd8 13. Nd2 c4 14.
bxc4 c5 15. Bc3 d4 16. exd4 cxd4 17. Bb2 g6 18. Rb1 Nh5 19. Rg4 f5 20. Rg3 Nxf4 21.
Ndf3 Bf6 22. Bxd4 Bxf3 23. Rxf3 Rxd4 24. c3 Rd8 25. Qa4+ Kf8 26. Nc6 Rxd3 27. Rxd3 Nxd3 28.
Qxa6 Nc5 29. Qb5 Nd7 30. Rd1 Kg7 31. Nb4 Ne5 32. c5 Rc8 33. c6 Nxc6 34. a4 Kh6 35.
Nd3 Bxc3 36. Nf4 Qxf4 37. a5 Bd4+ 38. Kh1 Ne5 39. a6 Rc1 40. Qf1 Qxf1+ 41. Rxf1 Rxf1# 0-1

[Event "Late-Titled-Tuesday-Blitz-June-04-2024"]
[Site "Chess.com"]
[Date "2024.06.04"]
[Round "6"]
[White "Romkachess"]
[Black "rhungaski"]
[Result "1-0"]
[WhiteElo "2526"]
[BlackElo "2625"]
[TimeControl "180+1"]
[EndTime "15:05:09 PDT"]
[Termination "Romkachess won by checkmate"]

1. e4 e6 2. d4 d5 3. Nc3 Bb4 4. e5 Qd7 5. a3 Bxc3+ 6. bxc3 b6 7. Qg4 f5 8. Qg3 Ba6 9. Ne2 Nc6 10. h4 O-O-O 11.
a4 Kb7 12. Bg5 Rc8 13. Nf4 Bxf1 14. Kxf1 h6 15. Ng6 hxg5 16. Nxh8 g4 17. Ng6 Na5 18. Nf4 c5 19. Qd3 Nc4 20. g3 Nh6 21. Kg2 Qc6 22. Rhb1 Ka8 23. Nh5 Rc7 24. Nf4 Nf7 25.
Ne2 Nfxe5 26. dxe5 Nxe5 27. Qb5 Qb7 28. a5 d4+ 29.
Kf1 Qh1+ 30. Ng1 Nf3 31. Qe8+ Kb7 32. a6# 1-0

[Event "Late-Titled-Tuesday-Blitz-June-04-2024"]
[Site "Chess.com"]
[Date "2024.06.04"]
[Round "6"]
[White "guillembaches"]
[Black "Timurist"]
[Result "1-0"]
[WhiteElo "2493"]
[BlackElo "2347"]
[TimeControl "180+1"]
[EndTime "15:05:09 PDT"]
[Termination "guillembaches won on time"]

1. e4 e6 2. Nf3 d5 3. exd5 exd5 4.
d4 Nc6 5. Bb5 Bd6 6. c4 dxc4 7. d5 a6 8. Ba4 b5 9. dxc6 bxa4 10.
O-O Ne7 11. Qxa4 Rb8 12. a3 O-O 13. Nbd2 Bf5 14. Nxc4 Nd5 15. Nxd6 Qxd6 16. Rd1 Nb6 17. Rxd6 Nxa4 18. Rd2 Nc5 19. Nd4 Bg6 20. b4 Ne4 21. Re2 Nc3 22. Re3 Rbd8 23. Rxc3 Rxd4 24. Be3 Rd5 25.
Bf4 Rfd8 26. h4 Rd1+ 27. Rxd1 Rxd1+ 28. Kh2 Rd3 29. Rc5 Rxa3 30. Bxc7 Ra2 31. h5 Be4 32. Be5 Rc2 33. Bc3 Bf5 34. Rxf5 Rxc3 35. Rc5 1-0

[Event "Late-Titled-Tuesday-Blitz-June-04-2024"]
[Site "Chess.com"]
[Date "2024.06.04"]
[Round "6"]
[White "Mikhail_Golubev"]
[Black "rionelG"]
[Result "1-0"]
[WhiteElo "2512"]
[BlackElo "2320"]
[TimeControl "180+1"]
[EndTime "15:05:10 PDT"]
[Termination "Mikhail_Golubev won by resignation"]

1. e4 c5 2. Nf3 d6 3. d4 cxd4 4. Nxd4 Nf6 5. Nc3 a6 6. Bc4 b5 7. Bb3 e6 8. O-O Be7 9. Qf3 Qc7 10. Qg3 O-O 11. Bh6 Ne8 12. Rad1 Kh8 13. Bg5 Bxg5 14.
Qxg5 Qc5 15. Qe7 Nd7 16. f4 e5 17. fxe5 dxe5 18. Qxc5 Nxc5 19. Nc6 Nxb3 20. axb3 Nf6 21.
Nxe5 Bb7 22. Nd5 Nxd5 23. exd5 Kg8 24. d6 f6 25. Nd7 Rfd8 26. Nc5 Bc6 27. Rfe1 Re8 28.
Rxe8+ Rxe8 29. d7 Rd8 30. Rd6 1-0

[Event "Late-Titled-Tuesday-Blitz-June-04-2024"]
[Site "Chess.com"]
[Date "2024.06.04"]
[Round "6"]
[White "Pelusiansky"]
[Black "xakevicius91"]
[Result "0-1"]
[WhiteElo "2385"]
[BlackElo "2558"]
[TimeControl "180+1"]
[EndTime "15:05:13 PDT"]
[Termination "xakevicius91 won by resignation"]

1. d4 Nf6 2. c4 e6 3. Nc3 Bb4 4. e3 O-O 5. Bd3 c5 6. Nf3 Bxc3+ 7. bxc3 d6 8. O-O Nc6 9. e4 e5 10. d5 Ne7 11. Bg5 Ng6 12. Qd2 h6 13. Be3 Nh7 14. a4 f5 15. exf5 Bxf5 16. Bxf5 Rxf5 17. Qd3 Qd7 18. a5 Raf8 19. Qe2 Rxf3 20. gxf3 Nh4 21. f4 e4 22. f3 exf3 23. Rxf3 Qg4+ 24. Kf1 Qxf3+ 25.
Qxf3 Nxf3 26. Kg2 Nh4+ 27. Kf2 Nf5 28. Rb1 Rf7 29. Bc1 Nf6 30. Kf3 g5 31. fxg5 hxg5 32. Bxg5 Nd7 33. Kg4 Ne5+ 34. Kh3 Nxc4 35. Re1 Nxa5 36.
Re8+ Kg7 37. Re6 Nc4 38. Re8 a5 39. Kg4 a4 40. Ra8 a3 41. h4 Nfe3+ 42. Kg3 Nxd5 43. h5 Nxc3 44. h6+ Kh7 45. Kh4 Ne4 46. Kh5 Nxg5 47. Kxg5 b5 0-1

[Event "Late-Titled-Tuesday-Blitz-June-04-2024"]
[Site "Chess.com"]
[Date "2024.06.04"]
[Round "6"]
[White "GMG"]
[Black "Valiyev_Shahin"]
[Result "1-0"]
[WhiteElo "2708"]
[BlackElo "2561"]
[TimeControl "180+1"]
[EndTime "15:05:14 PDT"]
[Termination "GMG won on time"]

1. d4 d5 2. c4 e6 3. Nf3 Nf6 4.
Nc3 Be7 5. g3 O-O 6. Bg2 dxc4 7.
Ne5 c6 8. O-O b5 9. Nxb5 cxb5 10. Bxa8 Nd5 11. a4 Ba6 12. axb5 Bxb5 13. Rxa7 Bf6 14. Re1 Na6 15. Bb7 Bxe5 16. Bxa6 Bb8 17. Bxb5 Bxa7 18. Bxc4 Qb6 19. e3 Rc8 20. b3 Qd6 21.
Bd2 h5 22. Qxh5 Nf6 23. Qf3 e5 24. Qf5 Re8 25. Ra1 Bxd4 26. exd4 Qxd4 27. Rd1 Rd8 28.
Be2 Qb2 29. Bg5 Rxd1+ 30. Bxd1 Qa1 31. Qc8+ Kh7 32. Qc2+ 1-0

[Event "Late-Titled-Tuesday-Blitz-June-04-2024"]
[Site "Chess.com"]
[Date "2024.06.04"]
[Round "6"]
[White "pinelone"]
[Black "protectiago"]
[Result "1-0"]
[WhiteElo "2417"]
[BlackElo "2137"]
[TimeControl "180+1"]
[EndTime "15:05:18 PDT"]
[Termination "pinelone won by resignation"]

1. Nf3 c5 2. c4 Nc6 3. g3 g6 4. Bg2 Bg7 5. O-O e5 6. Nc3 Nge7 7. d3 d6 8. a3 a5 9. Bg5 h6 10. Bxe7 Nxe7 11. Ne1 O-O 12. Nc2 Bd7 13. Rb1 Bc6 14. b4 Bxg2 15. Kxg2 cxb4 16. axb4 d5 17. Nxd5 Nxd5 18.
cxd5 Qxd5+ 19. e4 Qd7 20. Ne3 Rfd8 21. Nd5 Qd6 22. bxa5 Rxa5 23. Rxb7 Rxd5 24. exd5 Qxd5+ 25. Qf3 Qxf3+ 26. Kxf3 Rxd3+ 27. Ke2 Rd4 28. Rc1 Rd6 29. Rc8+ Kh7 30. Rxf7 g5 31. Rcc7 Rg6 32. g4 Kg8 33. f3 Bf8 34. Rfd7 Rb6 35. Rb7 Rc6 36. Rdc7 Rd6 37. Ke3 Ra6 38. Ke4 Ra3 39. Rc8 Ra4+ 40. Kf5 Rf4+ 41. Kg6 Rxf3 42. Rg7+ Kh8 43. Rf7 Rxf7 44.
Kxf7 1-0

[Event "Late-Titled-Tuesday-Blitz-June-04-2024"]
[Site "Chess.com"]
[Date "2024.06.04"]
[Round "6"]
[White "alexrustemov"]
[Black "jk13"]
[Result "1-0"]
[WhiteElo "2824"]
[BlackElo "2669"]
[TimeControl "180+1"]
[EndTime "15:05:20 PDT"]
[Termination "alexrustemov won by resignation"]

1. d4 Nf6 2. c4 e6 3. Nf3 Bb4+ 4. Bd2 Bxd2+ 5. Qxd2 O-O 6. Nc3 d5 7. e3 Qe7 8. Rc1 Rd8 9. cxd5 exd5 10. Bd3 Nc6 11. O-O Bg4 12. Ne1 Rd6 13. f3 Bh5 14. Nc2 Re8 15.
Rce1 Bg6 16. Bxg6 hxg6 17. Na4 Nd8 18. Nc5 c6 19. Re2 Ne6 20. b4 b6 21. Nd3 Rdd8 22.
Rfe1 c5 23. bxc5 bxc5 24. Nxc5 Nxc5 25. dxc5 Qxc5 26. Nd4 Rc8 27. Qd3 Re7 28. Rc2 Qxc2 29. Nxc2 Rec7 30. Nd4 Rc3 31. Qa6 R8c7 32. g3 Kh7 33. Kg2 R3c5 34. Re2 Rc1 35. Qa4 Rb7 36. Nb3 Rb1 37. Qh4+ Kg8 38. Rc2 Rb8 39. Qf4 Re8 40.
g4 Re1 41. Kf2 Rh1 42. Nd4 g5 43. Qg3 Rb1 44. h4 gxh4 45. Qxh4 Nd7 46. Nf5 Ne5 47. Ne7+ Kf8 48. Rc7 f6 49. Qh8+ 1-0

[Event "Late-Titled-Tuesday-Blitz-June-04-2024"]
[Site "Chess.com"]
[Date "2024.06.04"]
[Round "6"]
[White "Pig-filth"]
[Black "SilverCityIndigo"]
[Result "0-1"]
[WhiteElo "2319"]
[BlackElo "2473"]
[TimeControl "180+1"]
[EndTime "15:05:20 PDT"]
[Termination "SilverCityIndigo won by resignation"]

1. d4 d5 2. Bg5 Nc6 3. Nf3 Bf5 4. a3 h6 5. Bh4 g5 6. Bg3 Bg7 7. e3 Nf6 8. Bd3 Ne4 9. Nbd2 e6 10. Bxe4 dxe4 11. Ng1 h5 12. h4 g4 13. Ne2 e5 14. c3 Qd7 15. Nc4 f6 16. dxe5 fxe5 17. Qxd7+ Kxd7 18. O-O-O+ Ke6 19. Nd2 Rhd8 20. Bh2 Na5 21.
b4 Rxd2 22. Kxd2 Nc4+ 23. Kc2 Nxa3+ 24. Kb3 Nb5 25. c4 Nd6 26. Nc3 a5 27. Ra1 b6 28. c5 bxc5 29. bxc5 Nb7 30. Na4 0-1

[Event "Late-Titled-Tuesday-Blitz-June-04-2024"]
[Site "Chess.com"]
[Date "2024.06.04"]
[Round "6"]
[White "Kacparov"]
[Black "Chessgod9oninsta"]
[Result "1-0"]
[WhiteElo "2912"]
[BlackElo "2713"]
[TimeControl "180+1"]
[EndTime "15:05:21 PDT"]
[Termination "Kacparov won by resignation"]

1. e4 c5 2. Nf3 d6 3. d4 cxd4 4.
Nxd4 Nf6 5. f3 e5 6. Nb3 d5 7.
Bg5 d4 8. c3 Nc6 9. Bb5 Qb6 10.
Qd3 Nd7 11. N1d2 dxc3 12. bxc3 a6 13. Bxc6 Qxc6 14. Nc4 f6 15. Bh4 Nc5 16. Nxc5 Bxc5 17. Bf2 Bxf2+ 18. Kxf2 Be6 19. Ne3 O-O 20. Rhd1 Rac8 21.
Rac1 b5 22. Rd2 Qb6 23. Qd6 Rc6 24.
Qe7 h6 25. g4 Rfc8 26. Rd3 b4 27. c4 Rxc4 28. Rxc4 Rxc4 29. Qd8+ Qxd8 30. Rxd8+ Kh7 31.
Nxc4 Bxc4 32. Rb8 a5 33. Ra8 Bxa2 34. Rxa5 Bf7 35. Ra7 Kg8 36. Ra8+ Kh7 37. Rf8 Bg8 38. Rb8 b3 39. h4 g5 40. Rb7+ Kh8 41. h5 Be6 42.
Ke3 Kg8 43. Kd3 Bf7 44. Kc3 Kh7 45. Rxf7+ 1-0

[Event "Late-Titled-Tuesday-Blitz-June-04-2024"]
[Site "Chess.com"]
[Date "2024.06.04"]
[Round "6"]
[White "FXDon77"]
[Black "CarlosjPineror"]
[Result "1-0"]
[WhiteElo "2874"]
[BlackElo "2675"]
[TimeControl "180+1"]
[EndTime "15:05:21 PDT"]
[Termination "FXDon77 won on time"]

1. e4 c5 2. Nf3 e6 3. d4 cxd4 4. Nxd4 a6 5. c4 Qc7 6. Nc3 Nf6 7. a3 d6 8. Be3 Be7 9. Be2 b6 10. Rc1 Bb7 11. f3 Nbd7 12. O-O O-O 13. b4 Rac8 14. Kh1 Qb8 15. Rc2 Bd8 16. Bg1 Bc7 17. Na4 Rfe8 18.
Qc1 h6 19. Nb3 Bd8 20. c5 dxc5 21. bxc5 bxc5 22. Nbxc5 Nxc5 23. Nxc5 Be7 24. a4 Qa8 25. Qb2 Bxc5 26. Rxc5 Rxc5 27. Bxc5 Bc6 28. Bd4 Nh5 29.
a5 Nf4 30. Bxg7 Nxe2 31. Bxh6 e5 32. Qxe2 Bb5 33. Qe3 Kh7 34. Qg5 Rg8 35. Qh5 Rg6 36. Bg5+ Kg8 37. Rd1 1-0

[Event "Late-Titled-Tuesday-Blitz-June-04-2024"]
[Site "Chess.com"]
[Date "2024.06.04"]
[Round "6"]
[White "Zhigalko_Sergei"]
[Black "Mischuk_D"]
[Result "1-0"]
[WhiteElo "2909"]
[BlackElo "2708"]
[TimeControl "180+1"]
[EndTime "15:05:21 PDT"]
[Termination "Zhigalko_Sergei won on time"]

1. e4 c5 2. Nf3 d6 3. d4 cxd4 4. Qxd4 Nf6 5. Nc3 Nc6 6. Bb5 Bd7 7. Bxc6 Bxc6 8. Bg5 e6 9. O-O-O Be7 10. Rhe1 Qa5 11.
Kb1 O-O 12. Qd2 Qc7 13. Nd4 Rfc8 14. f3 Rab8 15. g4 b5 16. Nce2 Be8 17. Ng3 b4 18.
Rg1 a5 19. Nh5 Nxh5 20. gxh5 a4 21. Rg2 b3 22. cxb3 axb3 23. a3 Ba4 24. Rdg1 e5 25. Bxe7 Qxe7 26. Rxg7+ Kh8 27. Qh6 1-0

[Event "Late-Titled-Tuesday-Blitz-June-04-2024"]
[Site "Chess.com"]
[Date "2024.06.04"]
[Round "6"]
[White "Heydarli77"]
[Black "LoonsDeKoeben"]
[Result "1-0"]
[WhiteElo "2462"]
[BlackElo "2295"]
[TimeControl "180+1"]
[EndTime "15:05:22 PDT"]
[Termination "Heydarli77 won by resignation"]

1. d4 Nf6 2. c4 e6 3. Nc3 Bb4 4. e3 c5 5. Bd3 cxd4 6. exd4 d5 7.
Ne2 Nc6 8. O-O h6 9. c5 O-O 10. a3 Bxc3 11. bxc3 e5 12. f3 exd4 13. cxd4 Ne7 14.
Bf4 Nf5 15. Qd2 Be6 16. Rab1 Qd7 17. Be5 Ne8 18. Bb5 Qe7 19. Nf4 Qg5 20. Rf2 Nf6 21.
Nxe6 fxe6 22. Qxg5 hxg5 23. Ba4 Rf7 24. Re2 Re7 25. g4 Nh4 26. Re3 Ng6 27. Bd6 Rf7 28.
Rxe6 Nh4 29. Re3 Ne8 30. Kf2 Nxd6 31. cxd6 Raf8 32. Rbb3 Ng6 33. Be8 Rf6 34. d7 Rd6 35.
Bxg6 Rxg6 36. Rxb7 Rd6 37. Re8 Kf7 38. d8=Q+ 1-0